 Dungeon Crawl Stone Soup version 0.28-a0-998-gb9e9c7b67e (webtiles) character file.

Game seed: 4872085384117866350

5217 Colgate the Grappler (level 10, -5/65 HPs)
             Began as a Demonspawn Wanderer on Dec 6, 2021.
             Was a Believer of Dithmenos.
             Slain by a skeletal warrior (17 damage)
             ... led by a skeletal warrior
             ... on level 9 of the Dungeon.
             The game lasted 00:55:49 (12069 turns).

Colgate the Grappler (Demonspawn Wanderer)         Turns: 12069, Time: 00:55:50

Health: -5/65      AC:  4    Str: 18    XL:     10   Next: 35%
Magic:  0/13       EV: 12    Int: 14    God:    Dithmenos [**....]
Gold:   280        SH:  0    Dex: 11    Spells: 12/13 levels left

rFire   . . .      SeeInvis .     - Unarmed
rCold   . . .      Faith    .   (no shield)
rNeg    + + .      Spirit   +   z - +2 robe {rN+}
rPois   .          Reflect  .   (helmet restricted)
rElec   .          Harm     .   (no cloak)
rCorr   .          Rampage  .   (no gloves)
Will    ++...                   (no boots)
Stlth   +++.......              e - amulet of guardian spirit
HPRegen 0.20/turn               y - ring "Zucwijops" {rN+ Will++}
MPRegen 0.13/turn               (no ring)

@: wreathed by umbra
A: antennae 1, claws 2, hooves 2, demonic guardian 1, foul stench 1
a: Renounce Religion, Shadow Step


You were on level 9 of the Dungeon.
You worshipped Dithmenos.
Dithmenos was pleased with you.
You visited 1 branch of the dungeon, and saw 9 of its levels.

You collected 420 gold pieces.
You spent 140 gold pieces at shops.

Inventory:

Missiles
 d - 16 poisoned darts
 g - 284 stones
 j - a throwing net
 l - 105 arrows
 t - 18 bolts
 u - 2 atropa-tipped darts
 x - 9 boomerangs (quivered)
Armour
 b - a +0 scale mail
 c - a +0 kite shield
 p - a +0 ring mail
 z - a +2 robe of positive energy (worn)
 F - a +0 chain mail
Jewellery
 e - an amulet of guardian spirit (around neck)
 y - the ring "Zucwijops" (left claw) {rN+ Will++}
   (You found it on level 5 of the Dungeon)

   [ring of positive energy]

   rN:        It protects you from negative energy.
   Will:      It greatly increases your willpower.
Wands
 H - a wand of paralysis (6)
 I - a wand of acid (5)
 J - a wand of iceblast (3)
Scrolls
 f - 2 scrolls of magic mapping
 i - 4 scrolls of torment
 k - a scroll of blinking {unknown}
 m - a scroll of fear
 n - a scroll of identify
 q - a scroll of brand weapon {unknown}
 r - a scroll of teleportation
 s - 2 scrolls of summoning
 w - 2 scrolls of enchant weapon
 A - a scroll of vulnerability {unknown}
 C - a scroll of silence {unknown}
 D - a scroll of fog
 E - a scroll of noise {unknown}
 G - 2 scrolls of holy word {unknown}
Potions
 a - 5 potions of curing
 h - 3 potions of resistance
 o - a potion of ambrosia
 v - 2 potions of brilliance
 B - 2 potions of flight


   Skills:
 - Level 1.0 Fighting
 - Level 4.8 Throwing
 - Level 2.2 Armour
 - Level 1.4 Dodging
 - Level 4.1 Stealth
 - Level 1.0 Shields
 + Level 12.1 Unarmed Combat
 - Level 2.0 Spellcasting
 - Level 1.0 Conjurations
 - Level 2.6 Transmutations
 - Level 1.0 Ice Magic
 - Level 1.3 Poison Magic


You had 12 spell levels left.
You knew the following spells:

 Your Spells              Type           Power      Damage    Failure   Level
a - Sting                 Tmut/Pois      28%        1d4       11%         1

Your spell library contained the following spells:

 Spells                   Type           Power      Damage    Failure   Level
 Freeze                   Ice            16%        1d4       16%         1
 Animate Skeleton         Necr           2%         N/A       24%         1
 Apportation              Tloc           2%         N/A       24%         1
 Pain                     Necr           4%         1d4       24%         1
 Summon Small Mammal      Summ           4%         N/A       24%         1
 Spider Form              Tmut/Pois      7%         N/A       30%         3
 Frozen Ramparts          Ice            8%         1d2       43%         3
 Call Canine Familiar     Summ           1%         N/A       56%         3
 Summon Guardian Golem    Hex/Summ       1%         N/A       56%         3
 Tukima's Dance           Hex            1%         N/A       56%         3
 Vampiric Draining        Necr           1%         2d6       56%         3
 Hailstorm                Conj/Ice       4%         3d4       83%         4
 Passage of Golubria      Tloc           1%         N/A       93%         4
 Yara's Violent Unravell  Hex/Tmut       2%         3d3       98%         5


Dungeon Overview and Level Annotations

Branches:
Dungeon (9/15)             Temple (0/1) D:4            Lair (0/6) D:8
    Orc: D:9-12

Altars:
Dithmenos
Fedhas
Hepliaklqana
Sif Muna
Trog
Xom

Shops:
D:2 [   D:4 *   D:5 [   D:7 (([((

Annotations:
D:4 exclusions: ice beast and 3 more exclusions
D:7 2 transporters, Vivir's ghost, novice MiFi


Innate Abilities, Weirdness & Mutations

You have a pair of small antennae on your head.
You have very sharp fingernails.
You have hoof-like feet.
A weak demonic guardian rushes to your aid.
You may rarely emit foul miasma when damaged in melee.


Message History

A skeletal warrior comes into view. It is wielding a +0 long sword.
You don't have any such object.
Evoke which item? (* to show all) (? for menu, Esc to quit)
You don't have any such object.
Evoke which item? (* to show all) (? for menu, Esc to quit)
Okay, then.
Aiming: Corrosive Bolt
Press: ? - help, Shift-Dir - straight line, f/p - skeletal warrior
Aim: a skeletal warrior, wielding a +0 dire flail (lightly damaged, umbra, 71% to hit)
The bolt of acid hits the skeletal warrior.
The acid corrodes the skeletal warrior!
The skeletal warrior is lightly damaged.
The bolt of acid hits the skeletal warrior.
The acid corrodes the skeletal warrior!
The skeletal warrior is lightly damaged.
Aiming: Corrosive Bolt
Press: ? - help, Shift-Dir - straight line, f/p - skeletal warrior
Aim: a skeletal warrior, wielding a +0 dire flail (lightly damaged, covered in acid, umbra, 71% to hit)
The bolt of acid hits the skeletal warrior!
The skeletal warrior is moderately damaged.
The bolt of acid hits the skeletal warrior.
The skeletal warrior seems to be corroded for longer.
The skeletal warrior is lightly damaged.
You scratch the skeletal warrior.
The skeletal warrior is moderately damaged.
The skeletal warrior hits you with a +0 dire flail!
You mangle the skeletal warrior!! Your kick misses the skeletal warrior.
The skeletal warrior is severely damaged.
The skeletal warrior hits you with a +0 dire flail!
A demonic guardian appears!
You emit a cloud of foul miasma!
You claw the skeletal warrior! Your kick misses the skeletal warrior.
The skeletal warrior is almost destroyed.
The skeletal warrior hits you with a +0 long sword!
You barely miss the skeletal warrior.
You kick the skeletal warrior, but do no damage.
The skeletal warrior is almost destroyed.
The skeletal warrior hits you with a +0 dire flail!!
* * * LOW HITPOINT WARNING * * *
The skeletal warrior hits you with a +0 long sword!!
You die...

.. #######+#..
#........#
#........#
#..$.....
#####...... .#
#.......5###.#
#......@.#... #
#......zz#..##.
.....##'##....
.... #..##..#
.#####..##..#
#....†..'..##
#########)..#
###...# #.....#
####


You could see 2 skeletal warriors and a friendly iron imp (summoned).

Vanquished Creatures
  2 two-headed ogres
  Pikel (D:5)
  A cyclops (D:7)
  Psyche (D:9)
  Grinder (D:5)
  2 water moccasins
  2 ice beasts
  A sky beast (D:6)
  5 ogres
  A necrophage (D:5)
  A centaur (D:6)
  A phantom (D:6)
  2 kobold brigands
  2 bullfrogs (D:6)
  2 scorpions (D:7)
  A wyvern skeleton (D:6)
  A water moccasin skeleton (D:4)
  3 wights
  2 howler monkeys (D:9)
  3 jellies
  A bullfrog zombie (D:7)
  3 centaur zombies
  4 hounds
  A gnoll shaman (D:7)
  An orc priest (D:7)
  A bullfrog skeleton (D:6)
  2 iguanas
  5 orc wizards
  2 hell rats
  A hound skeleton (D:4)
  7 gnolls (D:5)
  5 adders
  An adder skeleton (D:4)
  3 worms
  3 dart slugs
  13 orcs
  2 ball pythons
  5 endoplasms
  2 giant cockroaches
  5 goblins
  2 hobgoblins
  4 quokkas
  3 bats
  A frilled lizard (D:1)
  15 kobolds
  4 rats
131 creatures vanquished.

Vanquished Creatures (collateral kills)
  A water moccasin (D:8)
  A bullfrog skeleton (D:5)
2 creatures vanquished.

Vanquished Creatures (others)
  An orc (D:9)
  A quokka (D:9)
2 creatures vanquished.

Grand Total: 135 creatures vanquished

Notes
Turn   | Place    | Note
-------+----------+-------------------------------------------
     0 | D:1      | Colgate the Demonspawn Wanderer began the quest for the
                  | Orb.
     0 | D:1      | Colgate set off with the following items: a +0 club, a +0
                  | robe, a +0 kite shield; and the following spells available
                  | to memorise: Sting, Pain, Spider Form, Vampiric Draining
     0 | D:1      | Reached XP level 1. HP: 13/13 MP: 3/3
    18 | D:1      | Learned a level 1 spell: Sting
   224 | D:1      | Found a faded altar of an unknown god.
   228 | D:1      | Prayed at the altar of an unknown god.
   228 | D:1      | Became a worshipper of Dithmenos the Shadowed
   228 | D:1      | Reached * piety under Dithmenos
   236 | D:1      | Reached skill level 1 in Unarmed Combat
   578 | D:1      | Discovered your monstrous ancestry.
   578 | D:1      | Gained mutation: You have sharp fingernails. [demonic
                  | ancestry]
   578 | D:1      | Reached XP level 2. HP: 19/19 MP: 3/5
  1352 | D:1      | Found a shadowy altar of Dithmenos.
  1505 | D:1      | Reached skill level 2 in Unarmed Combat
  2322 | D:2      | Found Cioreegu's Antique Armour Boutique.
  2699 | D:2      | Reached XP level 3. HP: 23/24 MP: 1/6
  3859 | D:3      | Reached ** piety under Dithmenos
  4228 | D:3      | Found a shadowy altar of Dithmenos.
  4271 | D:3      | Reached skill level 3 in Unarmed Combat
  4334 | D:3      | Gained mutation: You may rarely emit foul miasma when
                  | damaged in melee. [demonic ancestry]
  4334 | D:3      | Reached XP level 4. HP: 25/30 MP: 3/7
  4457 | D:4      | Found a staircase to the Ecumenical Temple.
  4490 | D:4      | Reached skill level 1 in Armour
  4766 | D:4      | Gained mutation: You have large cloven feet. [demonic
                  | ancestry]
  4766 | D:4      | Reached XP level 5. HP: 33/35 MP: 8/8
  4881 | D:4      | Reached skill level 4 in Unarmed Combat
  5005 | D:4      | Noticed an ice beast
  5074 | D:4      | Found Ynlaikecs's General Store.
  5080 | D:4      | Bought a potion of haste for 140 gold pieces
  5101 | D:4      | Found a bloodstained altar of Trog.
  5405 | D:5      | Entered Level 5 of the Dungeon
  5405 | D:5      | Noticed an ogre
  5405 | D:5      | Found Woejemil's Armour Boutique.
  5410 | D:5      | Killed an ogre
  5425 | D:5      | Noticed Grinder
  5425 | D:5      | Paralysed by Grinder for 4 turns
  5453 | D:5      | Killed Grinder
  5454 | D:5      | Reached skill level 6 in Unarmed Combat
  5454 | D:5      | Gained mutation: You have a pair of small antennae on your
                  | head. [demonic ancestry]
  5454 | D:5      | Reached XP level 6. HP: 5/41 MP: 1/9
  5748 | D:5      | Identified the ring "Zucwijops" {rN+ Will++}
  5899 | D:5      | Reached XP level 7. HP: 40/46 MP: 7/10
  6157 | D:5      | Found a shimmering altar of Xom.
  6315 | D:5      | Reached skill level 7 in Unarmed Combat
  6395 | D:5      | Reached skill level 1 in Dodging
  6469 | D:5      | Noticed Pikel
  6599 | D:5      | Killed Pikel
  6600 | D:5      | Gained mutation: A weak demonic guardian rushes to your
                  | aid. [demonic ancestry]
  6600 | D:5      | Reached XP level 8. HP: 8/52 MP: 4/11
  7070 | D:5      | Found a blossoming altar of Fedhas.
  7166 | D:5      | Found a shimmering blue altar of Sif Muna.
  7380 | D:6      | Found a hazy altar of Hepliaklqana.
  7390 | D:6      | Reached skill level 8 in Unarmed Combat
  7449 | D:6      | Reached skill level 1 in Fighting
  7831 | D:6      | Reached *** piety under Dithmenos
  7935 | D:6      | Gained mutation: You have very sharp fingernails. [demonic
                  | ancestry]
  7935 | D:6      | Reached XP level 9. HP: 48/59 MP: 10/12
  7999 | D:6      | Reached skill level 9 in Unarmed Combat
  8084 | D:6      | Reached skill level 1 in Stealth
  8633 | D:7      | Found a transporter.
  8633 | D:7      | Noticed a troll
  8636 | D:7      | Noticed Vivir's ghost (novice MiFi)
  8654 | D:7      | Found a transporter.
  8674 | D:7      | Found Woal Voeck's Antique Weapon Shoppe.
  8908 | D:7      | Found Xeackoq's Antique Weapon Boutique.
  8952 | D:7      | Reached skill level 10 in Unarmed Combat
  9043 | D:7      | Found Jistimij's Weapon Emporium.
  9064 | D:7      | Found Roesk's Weapon Emporium.
  9065 | D:7      | Noticed a cyclops
  9076 | D:7      | Killed a cyclops
  9648 | D:7      | Found Kan Kopn's Antique Armour Shoppe.
  9866 | D:8      | Noticed a death yak
  9868 | D:8      | Found a staircase to the Lair.
 10014 | D:8      | Noticed a two-headed ogre
 10483 | D:7      | Killed a two-headed ogre
 10484 | D:7      | Reached skill level 11 in Unarmed Combat
 10486 | D:7      | Gained mutation: You have hoof-like feet. [demonic
                  | ancestry]
 10486 | D:7      | Reached XP level 10. HP: 21/65 MP: 5/13
 10820 | D:8      | Noticed a two-headed ogre
 10832 | D:8      | Killed a two-headed ogre
 11178 | D:8      | Noticed a death yak
 11178 | D:8      | Noticed a death yak
 11576 | D:9      | Noticed Psyche
 11586 | D:9      | Killed Psyche
 11587 | D:9      | Reached skill level 12 in Unarmed Combat
 12061 | D:9      | Noticed a skeletal warrior
 12063 | D:9      | Noticed a skeletal warrior
 12069 | D:9      | Slain by a skeletal warrior

Illustrated notes

Levels and vault maps discovered:
D:1:      sevenhm_arrival_forest_fort_large_2, layout_basic,
          ebering_ecumenical_altar_box
D:2:      layout_rooms, serial_rivers, chequers_serial_rivers_micro_c,
          chequers_serial_rivers_micro_b, chequers_serial_rivers_small_3,
          chequers_serial_rivers_large_b, serial_shops, shop
D:3:      layout_basic, mainiacjoe_overflow_alcove_4, kennysheep_nondescript
D:4:      layout_loops_ring, mainiacjoe_overflow_alcove_2,
          minmay_temple_entry_mini_moons, serial_shops, nicolae_square_shop
D:5:      layout_rooms, mainiacjoe_overflow_concentric_impassable, tgw_sif,
          kennysheep_mini_moat, serial_shops, nicolae_stop_n_shop_1, uniq_pikel,
          uniq_grinder
D:6:      layout_basic, mainiacjoe_overflow_six_doors_small, hex_intersection,
          st_stairs_8
D:7:      layout_cave_pods, serial_shops, nicolae_shop_hallway_plus,
          nicolae_shop_window_shopping, nicolae_shop_advertising_works
          [nicolae_subvault_shop_adworks], kennysheep_mini, shop,
          gammafunk_ghost_arena, chequers_serial_rivers_small_a, st_stairs_10,
          minmay_misc_feat_x, corexii_item_surrounded_by_moat
D:8:      layout_cave_pools, dpeg_lair_monsters
D:9:      layout_gridville, elyvilon_altar_4, kennysheep_generic_room_14,
          uniq_maggie, uniq_psyche, uniq_gastronok

Skill      XL: |  1  2  3  4  5  6  7  8  9 10 |
---------------+-------------------------------+-----
Unarmed Combat | 1 2 3 6 7 8 11 12 | 12.1
Armour         | 1 2 |  2.2
Dodging        | 1 |  1.4
Throwing       | 4 |  4.8
Fighting       | 1 |  1.0
Stealth        | 1 4 |  4.1
Shields        | |  1.0
Spellcasting   | |  2.0
Conjurations   | |  1.0
Transmutations | |  2.6
Ice Magic      | |  1.0
Poison Magic   | |  1.3

Action                   |  1- 3 |  4- 6 |  7- 9 | 10-12 || total
-------------------------+-------+-------+-------+-------++-------
Melee: Short sword       |     2 |       |       |       ||     2
       Unarmed           |    79 |    96 |   233 |    50 ||   458
       Punch             |       |     3 |    16 |     2 ||    21
       Kick              |       |    13 |    67 |    12 ||    92
Throw: Stone             |       |    24 |     8 |       ||    32
       Dart              |       |     9 |    75 |     6 ||    90
       Boomerang         |       |       |    30 |    13 ||    43
 Cast: Sting             |    55 |     3 |       |       ||    58
Invok: Shadow Step       |       |       |     1 |     1 ||     2
Evoke: Wand              |       |       |       |     6 ||     6
  Use: Scroll            |     2 |     1 |     7 |     4 ||    14
       Potion            |       |     1 |     2 |       ||     3
 Stab: Sleeping          |     1 |       |     1 |     3 ||     5
       Distracted        |       |       |     2 |     1 ||     3
       Invisible         |       |       |     2 |       ||     2
Armor: Robe              |    10 |       |    36 |     5 ||    51
       Ring mail         |     7 |    23 |    18 |       ||    48
       Leather armour    |     7 |       |       |       ||     7
       Scale mail        |       |     2 |       |       ||     2
       Skin              |       |     1 |     3 |       ||     4
Dodge: Dodged            |    54 |    51 |   130 |    29 ||   264

Table legend: (Time is in decaauts)
 A = Elapsed time spent in this place.
 B = Non-inter-level travel time spent in this place.
 C = Inter-level travel time spent in this place.
 D = Time resting spent in this place.
 E = Time spent auto-exploring this place.
 F = Levels seen in this place.
 G = Mean time per level.
                   A        B        C        D        E       F      G
               +--------+--------+--------+--------+--------+-----+--------+
         Total |  12034 |  11530 |    504 |    100 |   9072 |   9 | 1337.1 |
       Dungeon |  12034 |  11530 |    504 |    100 |   9072 |   9 | 1337.1 |
               +--------+--------+--------+--------+--------+-----+--------+

Top non-repeatable levels by time:
     D:1: 2282 daAuts
     D:7: 2021 daAuts
     D:5: 1613 daAuts
     D:6: 1299 daAuts
     D:4: 1195 daAuts
     D:2: 1102 daAuts
     D:3: 1098 daAuts
     D:8: 948 daAuts
     D:9: 474 daAuts
